Map: Royal Blood LE

Players

SueGhan - Winner!

  • Race: Protoss Protoss
  • League: Diamond
  • Spawn Location: 1:00

DeadGame

  • Race: Protoss Protoss
  • League: Diamond
  • Spawn Location: 7:00

VOD

Have the link to the VOD?

Description

Time

  • Played on: Aug. 29, 2023, 12:16 a.m.
  • Length: 9:22
Show
View Real Time Build Order
Export as new Build Order

SueGhan Protoss - Winner!

Build Orders:  

Get SALT Encoding   

  12  0:02  Probe  
  13  0:14  Probe  
  13  0:18  Pylon  
  14  0:26  Probe  
  15  0:38  Probe  
  15  0:39  Forge  
  16  1:05  Pylon  
  16  1:06  Pylon  
  16  1:07  Pylon  
  16  1:23  Photon Cannon  
  16  1:39  Probe  
  17  1:51  Probe  
  18  1:56  Gateway  
  18  2:02  Photon Cannon  
  18  2:04  Gateway  
  18  2:07  Pylon  
  18  2:10  Pylon  
  18  2:34  Photon Cannon  
  18  2:36  Gateway  
  18  2:39  Photon Cannon  
  18  2:43  Zealot (Chrono Boost)  
  20  2:45  Photon Cannon  
  20  2:54  Zealot (Chrono Boost)  
  22  3:03  Zealot (Chrono Boost)  
  24  3:08  Photon Cannon  
  24  3:24  Probe  
  24  3:25  Assimilator  
  20  3:29  Cybernetics Core  
  20  3:33  Assimilator  
  18  3:51  Pylon  
  18  4:04  Photon Cannon  
  18  4:06  Shield Battery  
  18  4:14  Probe (Chrono Boost)  
  20  4:24  Pylon  
  20  4:25  Probe (Chrono Boost)  
  20  4:30  Probe (Chrono Boost)  
  21  4:40  Probe  
  21  4:41  Gateway  
  21  4:43  Pylon  
  21  4:45  Pylon  
  22  5:02  Warp Gate (Chrono Boost)  
  22  5:05  Robotics Facility  
  22  5:14  Probe  
  22  5:17  Pylon  
  22  5:18  Pylon  
  23  5:35  Probe  
  24  5:48  Probe  
  25  5:55  Immortal  
  25  5:56  Photon Cannon  
  29  6:07  Pylon  
  29  6:11  Pylon  
  29  6:27  Gateway  
  29  6:34  Warp Prism  
  31  6:40  Pylon  
  31  6:59  Gateway  
  31  7:00  Adept  
  33  7:10  Immortal  
  37  7:20  Gateway  
  37  7:35  Adept  
  39  7:40  Stalker  
  41  7:54  Stalker, Pylon  
  41  7:56  Stalker  
  46  8:05  Probe  
  44  8:22  Stalker x4  
  50  8:37  Pylon  
  50  8:50  Stalker x2  
  52  9:21  Stalker  
Show
View Real Time Build Order
Export as new Build Order

DeadGame Protoss 

Build Orders:  

Get SALT Encoding   

  12  0:13  Probe  
  13  0:19  Pylon  
  13  0:25  Probe  
  14  0:37  Probe  
  14  0:38  Gateway  
  14  0:42  Assimilator  
  15  0:47  Assimilator  
  15  0:50  Probe  
  16  1:03  Gateway  
  16  1:11  Probe  
  17  1:37  Zealot (Chrono Boost)  
  19  1:44  Cybernetics Core  
  11  2:20  Stalker  
  11  2:27  Probe  
  12  2:40  Probe  
  13  2:58  Zealot x2 (Chrono Boost)  
  15  3:34  Probe (Chrono Boost)  
  16  3:44  Probe (Chrono Boost)  
  17  3:49  Probe (Chrono Boost)  
  17  3:53  Warp Gate (Chrono Boost)  
  18  4:01  Probe  
  19  4:09  Zealot  
  21  4:22  Probe  
  22  4:49  Probe  
  19  5:01  Probe, Pylon  
  20  5:12  Shield Battery  
  20  5:13  Probe  
  21  5:25  Probe  
  22  5:29  Gateway  
  22  5:32  Zealot x2  
  26  5:37  Probe  
  28  5:50  Probe  
  28  6:03  Probe  
  29  6:15  Probe  
  30  6:18  Pylon  
  30  6:20  Twilight Council  
  30  6:27  Pylon  
  31  6:38  Stalker x2  
  34  6:46  Stalker  
  36  7:01  Stalker  
  38  7:04  Stalker  
  40  7:13  Stalker  
  42  7:16  Probe  
  41  7:35  Stalker x2  
  41  7:46  Charge (Chrono Boost)  
  41  7:49  Probe  
  42  8:03  Probe  
  43  8:11  Stalker x2  
  47  8:15  Probe  
  44  8:27  Gateway  
  44  8:33  Gateway  
  44  8:44  Pylon  
  44  8:47  Pylon  
  44  8:48  Pylon  
  43  9:02  Probe  
  43  9:04  Zealot, Sentry  
Tags
 
Add a new tag
Caveats
  • Supply blocks, unpowered buildings, or Contaminate may cause inaccurate times.
  • Supply counts are checked every 10 seconds.